 Seeded DCSS version 0.29-a0-676-ga64570c9d2 (webtiles) character file.

Game seed: 11281427841516483749 (custom seed)

49 zeratav the Shooter (level 3, 0/21 HPs)
             Began as a Tengu Hunter on June 24, 2022.
             Succumbed to an adder's poison
             ... on level 2 of the Dungeon.
             The game lasted 00:01:18 (966 turns).

zeratav the Shooter (Tengu Hunter)                   Turns: 966, Time: 00:01:19

Health: 0/21       AC:  3    Str: 11    XL:     3   Next: 77%
Magic:  4/4        EV: 12    Int:  9    God:
Gold:   23         SH:  0    Dex: 19    Spells: 2/2 levels left

rFire   . . .      SeeInvis .   a - +1 shortbow {bow}
rCold   . . .      Faith    .   (shield currently unavailable)
rNeg    . . .      Spirit   .   b - +0 leather armour
rPois   .          Reflect  .   (helmet restricted)
rElec   +          Harm     .   (no cloak)
rCorr   .          Rampage  .   (no gloves)
Will    .....      Rage     1%  (boots unavailable)
Stlth   +++....... Rnd*Tele +   (no amulet)
HPRegen 0.07/turn               (no ring)
MPRegen 0.09/turn               (no ring)

@: lethally poisoned (0 -> -5)
A: beak, talons 3, berserk 1, electricity resistance, teleportitis 1
a: no special abilities


You were on level 2 of the Dungeon.
You visited 1 branch of the dungeon, and saw 2 of its levels.

You collected 23 gold pieces.


Innate Abilities, Weirdness & Mutations

You have a beak for a mouth.
You have claws for feet.
You tend to lose your temper in combat.
You are resistant to electric shocks. (rElec)
You are occasionally teleported next to monsters.


   Skills:
 - Level 2.0 Fighting
 - Level 4.3 Bows
 - Level 2.1 Dodging
 + Level 3.8 Stealth


You had 2 spell levels left.
You didn't know any spells.
Your spell library was empty.

Inventory:

Hand Weapons
 a - a +1 shortbow (weapon) {bow}
Armour
 b - a +0 leather armour (worn)
Scrolls
 c - a scroll of immolation {!r!r}
 d - a scroll of identify {unknown}
 e - a scroll of magic mapping {unknown}
 g - a scroll of enchant armour {unknown}
 h - a scroll of fear {unknown}
Potions
 f - a potion of mutation {!q}

Dungeon Overview and Level Annotations

Branches:
Dungeon (2/15) Zot: 11016

Altars:

#.# #..
..# #.#
#.# #.#
####.####
#.#
#.......#
#.#
#.##.##.#
#@#
#.##.##.#
#S# .#
#.##.##.#
#.##.#
#.##.##.#
#.†#.#
#.##.##.#
##)#.#
#.<.....#
#.#.#
####.####
#.#.# #.#
##.#.#
#.#
#....#


You could see an adder.


Message History

Aim: a kobold, wielding a +0 short sword (heavily wounded, 58% to hit)
You shoot an arrow. The arrow hits the kobold!
You kill the kobold!
Your Stealth skill increases to level 3!
Shoot: a) +1 shortbow {bow}
Press: ? - help, Q - select action Shift-Dir - straight line, f - kobold
Aim: a kobold, wielding a +0 dagger (severely wounded, 58% to hit)
You shoot an arrow. The arrow hits the kobold.
You kill the kobold!
Jessica casts a spell.
Jessica blinks!
You have reached level 3!
Your experience leads to an increase in your attributes!
Increase (S)trength, (I)ntelligence, or (D)exterity?
You feel agile. x2
HP[+2] MP[+1]
You now have 21 max hp (+4).
You regained 2 hp, and now have 6/21 hp.
Your mp is fully restored (4).
You start resting.
Jessica is nearby!
You are too injured to fight recklessly!
You are too injured to fight recklessly!
Shoot: a) +1 shortbow {bow}
Press: ? - help, Q - select action Shift-Dir - straight line, f - Jessica
Aim: Jessica, wielding a +0 club and wearing a +0 robe (65% to hit)
You shoot an arrow. The arrow closely misses Jessica.
Shoot: a) +1 shortbow {bow}
Press: ? - help, Q - select action Shift-Dir - straight line, f/p - Jessica
Aim: Jessica, wielding a +0 club and wearing a +0 robe (65% to hit)
You shoot an arrow. The arrow hits Jessica.
Shoot: a) +1 shortbow {bow}
Press: ? - help, Q - select action Shift-Dir - straight line, f/p - Jessica
Aim: Jessica, wielding a +0 club and wearing a +0 robe (moderately wounded, 65% to hit)
You shoot an arrow. The arrow hits Jessica!
You kill Jessica!
Shoot: a) +1 shortbow {bow}
Press: ? - help, Q - select action Shift-Dir - straight line, f - you That would be overly suicidal.
Okay, then.
You start resting.
An adder comes into view.
HP[+3]
You regained 3 hp, and now have 9/21 hp.
Shoot: a) +1 shortbow {bow}
Press: ? - help, Q - select action Shift-Dir - straight line, f - adder
Aim: an adder (wandering, hasn't noticed you, 50% to hit)
You shoot an arrow. The arrow closely misses the adder.
Shoot: a) +1 shortbow {bow}
Press: ? - help, Q - select action Shift-Dir - straight line, f/p - adder
Aim: an adder (50% to hit)
You shoot an arrow.
The arrow hits the adder but does no damage.
Shoot: a) +1 shortbow {bow}
Press: ? - help, Q - select action Shift-Dir - straight line, f/p - adder
Aim: an adder (50% to hit)
You shoot an arrow. The arrow closely misses the adder.
Shoot: a) +1 shortbow {bow}
Press: ? - help, Q - select action Shift-Dir - straight line, f/p - adder
Aim: an adder (50% to hit)
You shoot an arrow. The arrow hits the adder.
The adder closely misses you. The adder bites you but does no damage.
Shoot: a) +1 shortbow {bow}
Press: ? - help, Q - select action Shift-Dir - straight line, f/p - adder
Aim: an adder (heavily wounded, 50% to hit)
You shoot an arrow. The arrow closely misses the adder.
The adder bites you but does no damage.
Shoot: a) +1 shortbow {bow}
Press: ? - help, Q - select action Shift-Dir - straight line, f/p - adder
Aim: an adder (heavily wounded, 50% to hit)
You shoot an arrow. The arrow closely misses the adder.
The adder closely misses you. The adder bites you.
* * * LOW HITPOINT WARNING * * *
HP[-2]
You take 2 damage, and now have 7/21 hp.
Shoot: a) +1 shortbow {bow}
Press: ? - help, Q - select action Shift-Dir - straight line, f/p - adder
Aim: an adder (heavily wounded, 50% to hit)
You shoot an arrow. The arrow hits the adder.
The adder barely misses you. The adder bites you.
* * * LOW HITPOINT WARNING * * *
You are poisoned.
The adder poisons you!
HP[-2]
You take 2 damage, and now have 5/21 hp.
Shoot: a) +1 shortbow {bow}
Press: ? - help, Q - select action Shift-Dir - straight line, f/p - adder
Aim: an adder (almost dead, 50% to hit)
You shoot an arrow. The arrow closely misses the adder.
* * * LOW HITPOINT WARNING * * *
You feel sick. The adder bites you.
* * * LOW HITPOINT WARNING * * *
You are more poisoned.
The adder poisons you! The adder bites you.
* * * LOW HITPOINT WARNING * * *
HP[-4]
You take 4 damage, and now have 1/21 hp.
It was a potion of mutation.
You feel extremely strange.
You feel a little pissed off.
You feel weirdly uncertain.
You feel insulated.
You die...

Skill      XL: |  1  2 |
---------------+-------+-----
Stealth        | 2 3 |  3.8
Fighting       | |  2.0
Bows           | |  4.3
Dodging        | |  2.1

Action                   || total
-------------------------++-------
 Fire: Shortbow          ||    53
  Use: Potion            ||     1
Armor: Leather armour    ||    13
Dodge: Dodged            ||    21

Levels and vault maps discovered:
D:1:      nzn_arrival_crosshair, layout_basic,
          dilly_ecumenical_altar_fadedgnrine
D:2:      layout_loops_ring, serial_shops, nicolae_shop_hallway_stairs,
          uniq_jessica

Notes
Turn   | Place    | Note
-------+----------+-------------------------------------------
     0 | D:1      | zeratav the Tengu Hunter began the quest for the Orb.
     0 | D:1      | Reached XP level 1. HP: 12/12 MP: 2/2
     0 | D:1      | magus.rc [v1.9.6]
   283 | D:1      | Found a faded altar of an unknown god.
   357 | D:1      | Reached skill level 2 in Stealth
   389 | D:1      | Reached XP level 2. HP: 17/17 MP: 3/3
   887 | D:2      | Noticed Jessica
   908 | D:2      | HP: 4/17 [jackal (2)]
   915 | D:2      | Reached skill level 3 in Stealth
   916 | D:2      | Reached XP level 3. HP: 6/21 MP: 4/4
   920 | D:2      | Killed Jessica
   964 | D:2      | HP: 5/21 [adder (2)]
   965 | D:2      | HP: 2/21 [adder (1)]
   966 | D:2      | Gained mutation: You tend to lose your temper in combat.
                  | [potion of mutation]
   966 | D:2      | Gained mutation: You are occasionally teleported next to
                  | monsters. [potion of mutation]
   966 | D:2      | Gained mutation: You are resistant to electric shocks.
                  | (rElec) [potion of mutation]
   966 | D:2      | Succumbed to an adder's poison

Vanquished Creatures
  Jessica (D:2)
  An endoplasm (D:1)
  A giant cockroach (D:2)
  A goblin (D:1)
  4 jackals (D:2)
  4 quokkas (D:1)
  A bat (D:1)
  A frilled lizard (D:1)
  6 kobolds
  A rat (D:2)
21 creatures vanquished.

Table legend:
 A = Non-vault XP
 B = Vault XP
 C = Vault XP percentage of total XP
 D = Non-vault monster count
 E = Vault monster count
 F = Vault count percentage of total count
                 A         B        C        D         E       F
            +---------+---------+-------+---------+---------+-------
      Total |      34 |      37 |  52.1 |      20 |       1 |   4.8
            +---------+---------+-------+---------+---------+-------
        D:1 |      19 |       0 |   0.0 |      12 |       0 |   0.0
        D:2 |      15 |      37 |  71.2 |       8 |       1 |  11.1
            +---------+---------+-------+---------+---------+-------

Illustrated notes

Table legend:
 A = Kills in this place as a percentage of kills in entire the game.
 B = Kills by you in this place as a percentage of kills by you in the entire game.
 C = Kills by friends in this place as a percentage of kills by friends in the entire game.
 D = Other kills in this place as a percentage of other kills in the entire game.
 E = Experience gained in this place as a percentage of experience gained in the entire game.
 F = Experience gained in this place divided by the number of levels of this place that you have seen.
                   A       B       C       D       E      F
               +-------+-------+-------+-------+-------+----------------------
         Total | 100.0 | 100.0 |   N/A |   N/A | 100.0 |  35.5
       Dungeon | 100.0 | 100.0 |   N/A |   N/A | 100.0 |  35.5
               +-------+-------+-------+-------+-------+----------------------

Table legend: (Time is in decaauts)
 A = Elapsed time spent in this place.
 B = Non-inter-level travel time spent in this place.
 C = Inter-level travel time spent in this place.
 D = Time resting spent in this place.
 E = Time spent auto-exploring this place.
 F = Levels seen in this place.
 G = Mean time per level.
                   A        B        C        D        E       F      G
               +--------+--------+--------+--------+--------+-----+--------+
         Total |    983 |    945 |     38 |     40 |    798 |   2 |  491.5 |
       Dungeon |    983 |    945 |     38 |     40 |    798 |   2 |  491.5 |
               +--------+--------+--------+--------+--------+-----+--------+

Top non-repeatable levels by time:
     D:1: 853 daAuts
     D:2: 129 daAuts
